 Dungeon Crawl Stone Soup version 0.22-a0-565-gfc6459a (webtiles) character file.

2142 Hebeh the Cleaver (level 9, -14/79 HPs)
             Began as a Minotaur Fighter on June 28, 2018.
             Was a Follower of Trog.
             Demolished by an orc warrior
             ... wielding a +0 battleaxe
              (17 damage)
             ... on level 8 of the Dungeon.
             The game lasted 00:18:46 (6017 turns).

Hebeh the Cleaver (Minotaur Fighter)                Turns: 6017, Time: 00:18:47

Health: -14/79     AC: 16    Str: 24    XL:     9   Next: 9%
Magic:  8/8        EV: 12    Int:  5    God:    Trog [*.....]
Gold:   267        SH: 12    Dex: 10    Spells: 8/8 levels left

rFire    . . .     SeeInvis .   q - +3 mace (protect)
rCold    . . .     Gourm    .   c - +1 shield
rNeg     + . .     Faith    .   C - +1 ring mail "Ithruin" {rN+ MR+ rCorr}
rPois    .         Spirit   .   (helmet restricted)
rElec    .         Reflect  .   l - +0 cloak
rCorr    +         Harm     .   (no gloves)
MR       +....                  (no boots)
Stlth    ..........             (no amulet)
HPRegen  0.23/turn              m - +3 ring of evasion
MPRegen  0.11/turn              (no ring)

@: protection aura
A: retaliatory headbutt, horns 2
a: Berserk, Renounce Religion


You were on level 8 of the Dungeon.
You worshipped Trog.
Trog was aware of your devotion.
You were hungry.

You visited 2 branches of the dungeon, and saw 9 of its levels.

You collected 267 gold pieces.

Inventory:

Hand Weapons
 a - a +1 war axe
 q - a +3 mace of protection (weapon)
Missiles
 u - 2 javelins (quivered)
Armour
 c - a +1 shield (worn)
 l - a +0 cloak (worn)
 w - a +2 ring mail of positive energy
 C - the +1 ring mail "Ithruin" (worn) {rN+ MR+ rCorr}
   (You found it on level 8 of the Dungeon)

   It protects you from negative energy.
   It affects your resistance to hostile enchantments.
   It protects you from acid and corrosion.
Jewellery
 m - a +3 ring of evasion (left hand)
Wands
 j - a wand of random effects (21)
 t - a wand of disintegration (9)
 x - a wand of iceblast (25)
 y - a wand of acid (7)
 B - a wand of flame (28)
Scrolls
 b - a scroll of enchant weapon
 g - 2 scrolls of immolation
 h - 5 scrolls of remove curse
 i - 6 scrolls of identify
 k - 2 scrolls of teleportation
 p - a scroll of enchant armour
 v - a scroll of magic mapping
Potions
 d - a potion of might
 e - 4 potions of heal wounds
 n - a potion of agility {unknown}
 o - 6 potions of curing
 r - a potion of haste {unknown}
 s - a potion of brilliance {unknown}
 A - a potion of lignification {unknown}
Comestibles
 f - 18 rations


   Skills:
 + Level 7.3 Fighting
 * Level 9.3 Axes
 + Level 7.3 Armour
 + Level 7.4 Shields
 + Level 0.8 Evocations


You had 8 spell levels left.
You didn't know any spells.
Your spell library was empty.

Dungeon Overview and Level Annotations

Branches:
Dungeon (8/15)             Temple (1/1) D:6
   Lair: D:8-11

Altars:
Cheibriados
Dithmenos
Elyvilon
Gozag
Kikubaaqudgha
Makhleb
Nemelex Xobeh
Qazlal
Ru
Sif Muna
Trog
Uskayaw
Vehumet
Wu Jian
Xom
Yredelemnul
Zin
The Shining One


Innate Abilities, Weirdness & Mutations

You reflexively headbutt those who attack you in melee.
You have a pair of horns on your head.


Message History

The orc priest mumbles some strange prayers to Beogh against you.
You easily resist.
The orc warrior misses you. You furiously retaliate!
You headbutt the orc warrior! You hit the orc.
You kill the orc!
Trog accepts your kill. The orc priest barely misses you.
You furiously retaliate!
You headbutt the orc priest, but do no damage.
You block the orc priest's attack. The orc warrior barely misses you.
You furiously retaliate!
You headbutt the orc warrior, but do no damage.
The orc priest calls down the wrath of Beogh upon you.
Beogh smites you! The orc priest hits you with a flail!
* * * LOW HITPOINT WARNING * * *
You see here a whip.
The orc priest mumbles some strange prayers to Beogh against you.
Beogh smites you!
* * * LOW HITPOINT WARNING * * *
The orc warrior hits you with a battleaxe!
You die...

#####........#.###.#
#######..#.# #.# #..#.#
#.# #..#.# #.#
#############..#.###.#
###..............#......
....##....####...#####.#
......o.................
....##o@o.########.#.#..
.......)...# #.....'..
....#......######..#.#..
... #!.....#.#.##..#.#..
.# #......#.(.)...#.#..
#.....(#####...#.#..
#...........#..#.#..
#...........#..#.#..
##########<.#..#.#..


You could see an orc warrior and 2 orc priests.

Vanquished Creatures
  A hippogriff (D:6)
  Sigmund (D:3)
  A spriggan (D:8)
  A water moccasin (D:7)
  Purgy (D:3)
  2 ogres (D:6)
  2 centaurs
  3 bullfrogs
  A wyvern skeleton (D:8)
  A scorpion (D:6)
  A howler monkey (D:6)
  A jelly (D:6)
  4 crimson imps
  3 hounds
  An orc wizard (D:7)
  A bullfrog skeleton (D:8)
  Ijyb (D:4)
  An iguana (D:4)
  5 worker ants
  A hound skeleton (D:7)
  Robin (D:3)
  4 gnolls (D:7)
  A howler monkey skeleton (D:7)
  A worker ant zombie (D:7)
  10 adders
  3 shadow imps
  2 oozes
  2 worms (D:2)
  2 leopard geckos
  15 orcs
  2 ball pythons (D:1)
  3 giant cockroaches
  15 goblins
  11 hobgoblins
  18 jackals
  2 quokkas
  6 bats
  6 frilled lizards
  A jackal zombie (D:8)
  7 kobolds
  A quokka zombie (D:5)
  6 rats
  A spectral orc (D:6)
153 creatures vanquished.

Notes
Turn   | Place    | Note
-------+----------+-------------------------------------------
     0 | D:1      | Hebeh the Minotaur Fighter began the quest for the Orb.
     0 | D:1      | Reached XP level 1. HP: 19/19 MP: 0/0
   165 | D:1      | Reached XP level 2. HP: 27/27 MP: 1/1
   215 | D:1      | Reached skill level 3 in Axes
   624 | D:2      | Reached XP level 3. HP: 30/33 MP: 2/2
  1053 | D:2      | Reached XP level 4. HP: 40/40 MP: 3/3
  1387 | D:2      | Reached skill level 4 in Axes
  1665 | D:3      | Noticed Purgy
  1679 | D:3      | Killed Purgy
  1679 | D:3      | Reached XP level 5. HP: 33/47 MP: 4/4
  1911 | D:3      | Noticed Robin
  1918 | D:3      | Reached skill level 5 in Axes
  1928 | D:3      | Killed Robin
  2208 | D:3      | Noticed Sigmund
  2218 | D:3      | Killed Sigmund
  2218 | D:3      | Reached skill level 5 in Fighting
  2218 | D:3      | Reached skill level 5 in Armour
  2218 | D:3      | Reached skill level 5 in Shields
  2218 | D:3      | Reached XP level 6. HP: 56/56 MP: 5/5
  2588 | D:4      | Noticed Ijyb
  2600 | D:4      | Killed Ijyb
  3143 | D:4      | Reached skill level 6 in Axes
  3143 | D:4      | Reached XP level 7. HP: 53/61 MP: 6/6
  3423 | D:5      | Entered Level 5 of the Dungeon
  4131 | D:6      | Reached skill level 7 in Axes
  4329 | D:6      | Reached XP level 8. HP: 59/70 MP: 7/7
  4343 | D:6      | Noticed a hippogriff
  4353 | D:6      | Killed a hippogriff
  4440 | D:6      | Reached skill level 8 in Axes
  4553 | D:6      | Found a staircase to the Ecumenical Temple.
  4570 | Temple   | Entered the Ecumenical Temple
  4608 | Temple   | Became a worshipper of Trog the Wrathful
  4801 | D:6      | Found a basalt altar of Yredelemnul.
  5235 | D:7      | Reached skill level 9 in Axes
  5263 | D:7      | Reached * piety under Trog
  5694 | D:8      | Reached XP level 9. HP: 79/79 MP: 8/8
  5734 | D:8      | Got a polished ring mail
  5762 | D:8      | Identified the cursed +1 ring mail "Ithruin" {rN+ MR+ rCorr} (You found it on level 8 of the Dungeon)
  6017 | D:8      | HP: 3/79 [orc priest/divine providence (12)]
  6017 | D:8      | Demolished by an orc warrior

Vault maps used:
D:1:      lemuel_arrival_rhombus
D:2:      minmay_door_path, serial_curves, eino_curves_02, eino_curves_02,
          first_ration, kennysheep_boxes
D:3:      uniq_robin, uniq_sigmund, uniq_purgy
D:4:      uniq_ijyb
D:6:      yredelemnul_forgotten_temple_becter, minmay_temple_entry_hall
D:8:      minmay_blocky_corners, the_bakery, roderic_nine_men_s_morris
Temple:   dpeg_three_leaves_temple

Skill      XL: |  1  2  3  4  5  6  7  8 |
---------------+-------------------------+-----
Axes           | 3 4 5 6 7 9 |  9.3
Shields        | 4 5 6 7 |  7.4
Fighting       | 4 5 6 7 |  7.3
Armour         | 4 5 6 7 |  7.3
Evocations     | |  0.8

Action                   |  1- 3 |  4- 6 |  7- 9 || total
-------------------------+-------+-------+-------++-------
Melee: War axe           |   107 |    97 |       ||   204
       Headbutt          |     9 |    19 |    42 ||    70
       Mace              |       |       |   217 ||   217
  Use: Scroll            |     2 |       |    11 ||    13
  Eat: Chunk             |     1 |     6 |     9 ||    16
Armor: Scale mail        |    44 |    42 |       ||    86
       Ring mail         |       |       |    83 ||    83
Dodge: Dodged            |    23 |    41 |   104 ||   168
Block: Shield            |    59 |    54 |   162 ||   275

Table legend:
 A = Spawn XP
 B = Non-spawn XP
 C = Spawn XP percentage of total XP
 D = Spawn monster count
 E = Non-spawn monster count
 F = Spawn count percentage of total count
 G = Total turns spent on level
                    A         B        C        D         E        F      G
               +---------+---------+-------+---------+---------+-------+---------
         Total |       0 |    3060 |   0.0 |       0 |     153 |   0.0 |  6017
               +---------+---------+-------+---------+---------+-------+---------
           D:1 |       0 |      34 |   0.0 |       0 |      19 |   0.0 |   587
           D:2 |       0 |     131 |   0.0 |       0 |      28 |   0.0 |   966
           D:3 |       0 |     446 |   0.0 |       0 |      34 |   0.0 |   971
           D:4 |       0 |     187 |   0.0 |       0 |       4 |   0.0 |   899
           D:5 |       0 |     154 |   0.0 |       0 |      13 |   0.0 |   646
           D:6 |       0 |    1059 |   0.0 |       0 |      19 |   0.0 |   774
           D:7 |       0 |     641 |   0.0 |       0 |      28 |   0.0 |   781
           D:8 |       0 |     408 |   0.0 |       0 |       8 |   0.0 |   344
               +---------+---------+-------+---------+---------+-------+---------
